 Dungeon Crawl Stone Soup version 0.30.0-29-ga12c61a403 (webtiles) character file.

Game seed: 10102248536721020079

86 Destapler the Fighter (level 4, -1/45 HPs)
             Began as a Gnoll Wanderer on June 23, 2023.
             Slain by Sigmund
             ... wielding a +0 scythe
              (7 damage)
             ... on level 3 of the Dungeon.
             The game lasted 00:04:51 (1650 turns).

Destapler the Fighter (Gnoll Wanderer)              Turns: 1650, Time: 00:04:52

Health: -1/45      AC:  5    Str: 11    XL:     4   Next: 49%
Magic:  5/5        EV: 10    Int: 11    God:
Gold:   134        SH:  0    Dex: 14    Spells: 5/5 levels left

rFire   + . .        a - +1 dagger
rCold   + . .        d - +2 buckler
rNeg    . . .        c - +0 ring mail
rPois   +            (no helmet)
rElec   +            (no cloak)
rCorr   +            (no gloves)
SInv    .            (no boots)
Will    .....        f - amulet of faith Stlth
                     (no ring)
HPRegen 0.27/turn    (no ring)
MPRegen 0.09/turn

%: faith
@: confused, resistant (expiring)
A: fangs 1, strong nose, distributed training
a: no special abilities


You were on level 3 of the Dungeon.
You visited 1 branch of the dungeon, and saw 3 of its levels.

You collected 134 gold pieces.

Inventory:

Hand Weapons
 a - a +1 dagger (weapon)
Armour
 c - a +0 ring mail (worn)
 d - a +2 buckler (worn)
Jewellery
 f - an amulet of faith (around neck)
Scrolls
 b - 2 scrolls of fog
 g - 2 scrolls of fear
Potions
 e - 4 potions of attraction
 k - a potion of might {unknown}


   Skills:
 + Level 8.6 Fighting
 + Level 1.2 Short Blades
 + Level 1.2 Long Blades
 + Level 1.2 Axes
 + Level 1.2 Maces & Flails
 + Level 1.2 Polearms
 + Level 1.2 Staves
 + Level 1.2 Ranged Weapons
 + Level 1.2 Throwing
 + Level 2.8 Armour
 + Level 2.8 Dodging
 + Level 2.6 Stealth
 + Level 6.6 Shields
 + Level 1.2 Unarmed Combat
 + Level 1.2 Spellcasting
 + Level 1.0 Conjurations
 + Level 1.0 Hexes
 + Level 1.0 Summonings
 + Level 1.0 Necromancy
 + Level 1.0 Translocations
 + Level 1.0 Transmutations
 + Level 1.0 Fire Magic
 + Level 1.0 Ice Magic
 + Level 1.0 Air Magic
 + Level 1.0 Earth Magic
 + Level 1.0 Poison Magic
 + Level 1.3 Invocations
 + Level 1.2 Evocations


You had 5 spell levels left.
You didn't know any spells.
Your spell library contained the following spells:

 Spells                   Type           Power      Damage    Failure   Level
 Ensorcelled Hibernation  Hex/Ice        4%         N/A       69%         2
 Spider Form              Tmut/Pois      2%         N/A       89%         3
 Anguish                  Hex/Necr       1%         N/A       100%        4


Dungeon Overview and Level Annotations

Branches:
Dungeon (3/15)

Altars:

Annotations:
D:3 Sigmund


Innate Abilities, Weirdness & Mutations

You have very sharp teeth.
Your uncanny sense of smell can sniff out nearby items.
Your experience applies equally to all skills.


Message History

The rat bites you.
Sigmund points at you and mumbles some strange words.
The magic dart hits you!
* * * LOW HITPOINT WARNING * * *
You hit Sigmund. You bite Sigmund, but do no damage.
Sigmund is heavily wounded.
You block the rat's attack. Sigmund casts a spell at you.
You are confused.
You bump into the rock wall.
The rat bites you but does no damage. Sigmund hits you but does no damage.
The rat barely misses you.
Sigmund points at you and mumbles some strange words.
You resist with some effort. The rat bites you.
* * * LOW HITPOINT WARNING * * *
You bump into the rock wall.
Sigmund hits you with a +0 scythe.
* * * LOW HITPOINT WARNING * * *
The rat misses you.
You feel less confused. The rat barely misses you.
Sigmund hits you from afar with a +0 scythe.
* * * LOW HITPOINT WARNING * * *
Sigmund attacks as you move away! Sigmund hits you but does no damage.
You block Sigmund's attack.
You hit the rat.
The rat is severely wounded.
The rat bites you but does no damage.
You closely miss the rat.
The rat is severely wounded.
Sigmund hits you from afar with a +0 scythe.
* * * LOW HITPOINT WARNING * * *
You block the rat's attack.
You hit the rat.
You kill the rat!
Sigmund points at you and mumbles some strange words.
You are confused.
You bump into the rock wall.
You start to feel less resistant.
Sigmund hits you from afar with a +0 scythe!
You die...

#### # #.. ..
###.##.#.. #.....
..### ...####.#.#
.... # .......@†@##
..##.#
...........##......
P♣.................
♣.####.......#####
♣. ####....# .
###.#### #### #.#..
..# #.#.# #.#
#.#.#####.###


You could see Sigmund.

Vanquished Creatures
  4 adders
  2 dart slugs (D:1)
  A ball python (D:1)
  6 bats
  3 endoplasms (D:1)
  5 goblins
  3 hobgoblins
  6 jackals
  2 frilled lizards
  5 kobolds
  4 rats
41 creatures vanquished.

Notes
Turn   | Place    | Note
-------+----------+-------------------------------------------
     0 | D:1      | Destapler the Gnoll Wanderer began the quest for the Orb.
     0 | D:1      | Destapler set off with the following items: a +0 dagger, 2
                  | scrolls of fog, a +0 ring mail, a +2 buckler.
     0 | D:1      | Reached XP level 1. HP: 26/26 MP: 1/1
    79 | D:1      | Reached XP level 2. HP: 32/33 MP: 2/2
   375 | D:1      | You fall into a shaft and drop 1 floor!
   457 | D:2      | Reached XP level 3. HP: 14/38 MP: 3/3
   724 | D:1      | Reached skill level 1 in Invocations
   904 | D:1      | Reached skill level 1 in Short Blades
   904 | D:1      | Reached skill level 1 in Long Blades
   904 | D:1      | Reached skill level 1 in Axes
   904 | D:1      | Reached skill level 1 in Maces & Flails
   904 | D:1      | Reached skill level 1 in Polearms
   904 | D:1      | Reached skill level 1 in Staves
   904 | D:1      | Reached skill level 1 in Ranged Weapons
   904 | D:1      | Reached skill level 1 in Throwing
   904 | D:1      | Reached skill level 1 in Unarmed Combat
   904 | D:1      | Reached skill level 1 in Spellcasting
   904 | D:1      | Reached skill level 1 in Evocations
  1047 | D:2      | Reached XP level 4. HP: 38/45 MP: 5/5
  1383 | D:2      | Reached skill level 1 in Conjurations
  1383 | D:2      | Reached skill level 1 in Hexes
  1383 | D:2      | Reached skill level 1 in Summonings
  1383 | D:2      | Reached skill level 1 in Necromancy
  1383 | D:2      | Reached skill level 1 in Translocations
  1383 | D:2      | Reached skill level 1 in Transmutations
  1383 | D:2      | Reached skill level 1 in Fire Magic
  1383 | D:2      | Reached skill level 1 in Ice Magic
  1383 | D:2      | Reached skill level 1 in Air Magic
  1383 | D:2      | Reached skill level 1 in Earth Magic
  1383 | D:2      | Reached skill level 1 in Poison Magic
  1614 | D:3      | Noticed Sigmund
  1650 | D:3      | Slain by Sigmund

Illustrated notes

Levels and vault maps discovered:
D:1:      psy_arrival_radial01, layout_basic
D:2:      layout_loops_cross, nicolae_kite_square_tiling_tiny
D:3:      layout_loops_cross, nicolae_hepliaklqana_hazy_memory,
          lemuel_tele_altar, portal_sewer_entry_a,
          ebering_ecumenical_altar_petrified, uniq_terence, uniq_sigmund,
          uniq_ijyb

Skill      XL: |  1  2  3  4 |
---------------+-------------+-----
Invocations    | 1 |  1.3
Short Blades   | 1 |  1.2
Long Blades    | 1 |  1.2
Axes           | 1 |  1.2
Maces & Flails | 1 |  1.2
Polearms       | 1 |  1.2
Staves         | 1 |  1.2
Ranged Weapons | 1 |  1.2
Throwing       | 1 |  1.2
Unarmed Combat | 1 |  1.2
Spellcasting   | 1 |  1.2
Evocations     | 1 |  1.2
Conjurations   | 1 |  1.0
Hexes          | 1 |  1.0
Summonings     | 1 |  1.0
Necromancy     | 1 |  1.0
Translocations | 1 |  1.0
Transmutations | 1 |  1.0
Fire Magic     | 1 |  1.0
Ice Magic      | 1 |  1.0
Air Magic      | 1 |  1.0
Earth Magic    | 1 |  1.0
Poison Magic   | 1 |  1.0
Fighting       | |  8.6
Armour         | |  2.8
Dodging        | |  2.8
Stealth        | |  2.6
Shields        | |  6.6

Action                     |  1- 3 |  4- 6 || total
---------------------------+-------+-------++-------
  Melee: Dagger            |   157 |    67 ||   224
         Bite              |    16 |     5 ||    21
    Use: Potion            |     1 |     1 ||     2
         Scroll            |       |     4 ||     4
   Stab: Sleeping          |       |     1 ||     1
 Armour: Ring mail         |    71 |    30 ||   101
  Dodge: Dodged            |   107 |    30 ||   137
  Block: Buckler           |    85 |    35 ||   120
